 Dungeon Crawl Stone Soup version 0.30-a0-424-g7412bad402 (webtiles) character file.

Game seed: 1303318180784913807

104914 PyroL the Lord of Darkness (level 15, -1/117 (122) HPs)
             Began as a Demonspawn Necromancer on Dec 9, 2022.
             Was the Champion of Kikubaaqudgha.
             Killed from afar by Roxanne (32 damage)
             ... with an iron shot
             ... on level 1 of the Swamp.
             The game lasted 01:36:42 (33397 turns).

PyroL the Lord of Darkness (DsNe)                  Turns: 33397, Time: 01:36:43

HP:   -1/117 (122)  AC: 17    Str: 13    XL:     15   Next: 93%
MP:   0/31          EV: 15    Int: 26    God:    Kikubaaqudgha [******]
Gold: 2735          SH:  0    Dex: 23    Spells: 10/38 levels left

rFire   . . .      SeeInvis .    e - +2 dagger (venom)
rCold   . . .      Faith    .    (no shield)
rNeg    + . .      Spirit   +    W - +3 scale mail of the Pink Corner {rN+ Dex+8}
rPois   .          Reflect  .    H - +2 hat "Lyva" {rElec Str+4 Int-2}
rElec   +          Harm     .    a - +0 cloak
rCorr   .          Rampage  .    (gloves unavailable)
Will    ++...                    w - +1 pair of boots
Stlth   +.........               (no amulet)
HPRegen 0.39/turn                A - +6 ring of intelligence
MPRegen 0.44/turn                v - ring of willpower

@: studying Transmutations, lightly drained
A: rugged brown scales 2, spiny 1, magic shield, magic regeneration, demonic
touch 3
a: Renounce Religion, Unearth Wretches, Torment, Brand Weapon With Pain, Receive
Forbidden Knowledge


You were on level 1 of the Swamp.
You worshipped Kikubaaqudgha.
Kikubaaqudgha was exalted by your worship.
You visited 5 branches of the dungeon, and saw 25 of its levels.

You collected 2990 gold pieces.
You spent 255 gold pieces at shops.

Inventory:

Hand Weapons
 e - a +2 dagger of venom (weapon)
Missiles
 h - 45 poisoned darts
 V - 6 silver javelins
 X - a throwing net
Armour
 a - a +0 cloak (worn)
 g - the +1 robe of the Rose {+Blink Str+3 Dex-5}
   (You found it on level 5 of the Dungeon)

   Str:       It affects your strength (+3).
   Dex:       It affects your dexterity (-5).
   +Blink:    It lets you blink.
 w - a +1 pair of boots (worn)
 x - a scarf of repulsion
 G - +0 acid dragon scales
 H - the +2 hat "Lyva" (worn) {rElec Str+4 Int-2}
   (You found it on level 9 of the Dungeon)

   Str:       It affects your strength (+4).
   Int:       It affects your intelligence (-2).
   rElec:     It insulates you from electricity.
 W - the +3 scale mail of the Pink Corner (worn) {rN+ Dex+8}
   (You found it on level 4 of the Lair of Beasts)

   Dex:       It affects your dexterity (+8).
   rN:        It protects you from negative energy.
Jewellery
 t - a ring of protection from fire
 v - a ring of willpower (right hand)
 A - a +6 ring of intelligence (left hand)
 O - a ring of magical power
 U - a +4 ring of evasion
Wands
 n - a wand of paralysis (19)
 u - a wand of flame (25)
 z - a wand of roots (19)
 F - a wand of quicksilver (13)
 K - a wand of digging (7)
 T - a wand of polymorph (16)
Scrolls
 d - 6 scrolls of enchant weapon
 j - 3 scrolls of blinking
 l - 4 scrolls of amnesia
 m - 3 scrolls of butterflies
 o - 7 scrolls of enchant armour
 y - 4 scrolls of fear {unknown}
 C - 3 scrolls of noise {unknown}
 J - a scroll of torment {unknown}
 M - a scroll of brand weapon {unknown}
 N - 4 scrolls of teleportation
 P - 2 scrolls of immolation
 Q - 2 scrolls of poison {unknown}
 R - 2 scrolls of summoning {unknown}
 S - 5 scrolls of vulnerability
Potions
 b - 4 potions of magic
 c - 6 potions of haste
 f - 3 potions of heal wounds
 i - 7 potions of mutation
 k - 2 potions of resistance
 p - 5 potions of lignification
 q - 7 potions of curing
 r - 2 potions of might
 s - a potion of attraction {unknown}
 B - 7 potions of brilliance
 E - 3 potions of flight
 I - 3 potions of cancellation
 L - 4 potions of berserk rage
Miscellaneous
 D - a phial of floods


   Skills:
 + Level 10.7 Fighting
 - Level 4.8 Armour
 - Level 10.0 Dodging
 - Level 1.7 Stealth
 - Level 12.0 Spellcasting
 - Level 3.1 Hexes
 - Level 21.6 Necromancy
 - Level 5.0 Earth Magic


You had 10 spell levels left.
You knew the following spells:

 Your Spells              Type           Power      Damage    Failure   Level
a - Necrotise             Necr           100%       1d9       0%          1
b - Vampiric Draining     Necr           91%        2d12      0%          3
c - Animate Dead          Necr           91%        N/A       1%          4
d - Kiss of Death         Conj/Necr      100%       2d13      1%          1
e - Dispel Undead         Necr           91%        3d29      1%          4
f - Death Channel         Necr           45%        N/A       1%          6
g - Anguish               Hex/Necr       34%        N/A       1%          4
h - Borgnjor's Vile Clut  Necr/Erth      35%        N/A       1%          5

Your spell library contained the following spells:

 Spells                   Type           Power      Damage    Failure   Level
 Sublimation of Blood     Necr           91%        N/A       0%          2
 Cigotuvi's Dreadful Rot  Necr/Pois/Air  100%       N/A       1%          2
 Agony                    Necr           91%        N/A       1%          5
 Slow                     Hex            100%       N/A       4%          1
 Confusing Touch          Hex            31%        N/A       13%         3
 Tukima's Dance           Hex            31%        N/A       13%         3
 Borgnjor's Revivificati  Necr           45%        N/A       14%         8
 Apportation              Tloc           30%        N/A       16%         1
 Freeze                   Ice            60%        1d7       16%         1
 Summon Small Mammal      Summ           60%        N/A       16%         1
 Stone Arrow              Conj/Erth      56%        3d10      17%         3
 Blink                    Tloc           30%        N/A       24%         2
 Scorch                   Fire           30%        2d6       24%         2
 Wereblood                Tmut           15%        N/A       24%         2
 Dazzling Flash           Conj/Hex       46%        N/A       26%         3
 Portal Projectile        Hex/Tloc       46%        N/A       26%         3
 Summon Guardian Golem    Hex/Summ       23%        N/A       26%         3
 Call Canine Familiar     Summ           15%        N/A       43%         3
 Frozen Ramparts          Ice            30%        1d5       43%         3
 Hailstorm                Conj/Ice       15%        3d5       43%         3
 Animate Armour           Summ/Erth      56%        N/A       50%         4
 Flame Wave               Conj/Fire      15%        2d7       83%         4
 Manifold Assault         Tloc           15%        N/A       83%         4
 Summon Lightning Spire   Summ/Air       15%        N/A       83%         4
 Death's Door             Necr           45%        N/A       91%         9
 Silence                  Hex/Air        11%        N/A       93%         5
 Alistair's Intoxication  Tmut/Pois      10%        N/A       99%         5
 Blade Hands              Tmut           7%         N/A       99%         5
 Summon Cactus Giant      Summ           7%         N/A       100%        6
 Storm Form               Tmut/Air       7%         N/A       100%        7
 Summon Hydra             Summ           7%         N/A       100%        7
 Lehudib's Crystal Spear  Conj/Erth      14%        10d5      100%        8
 Maxwell's Capacitive Co  Air            7%         ∞         100%        8
 Necromutation            Tmut/Necr      32%        N/A       100%        8


Dungeon Overview and Level Annotations

Branches:
Dungeon (15/15)            Temple (1/1) D:5            Lair (5/5) D:10
  Swamp (2/4) Lair:3        Snake (0/4) Lair:3        Slime (0/5) Lair:5
    Orc (2/2) D:12            Elf (0/3) Orc:2        Vaults (0/5) D:14
 Depths (0/4) D:15

Altars:
Ashenzari
Cheibriados
Dithmenos
Fedhas
Gozag
Hepliaklqana
Kikubaaqudgha
Makhleb
Nemelex Xobeh
Okawaru
Qazlal
Ru
Sif Muna
Trog
Uskayaw
Vehumet
Wu Jian
Xom
Yredelemnul

Shops:
D:1 !   D:8 (   Orc:2 *([(

Annotations:
D:11 exclusion: orange crystal statue
Swamp:1 Roxanne


Innate Abilities, Weirdness & Mutations

You are mostly covered in rugged brown scales. (AC +2, +5% HP)
You are partially covered in sharp spines.
When hurt, damage is shared between your health and your magic reserves.
You regenerate magic rapidly.
Your touch may irresistibly damage your foes and sap their willpower.


Message History

Unknown command.
You hit Roxanne but do no damage.
Roxanne is severely damaged.
You hit Roxanne.
You touch Roxanne!
Roxanne is severely damaged.
Unknown command.
You hit Roxanne but do no damage.
You touch Roxanne!
Roxanne is almost destroyed.
Unknown command.
You hit Roxanne but do no damage.
Roxanne is almost destroyed.
Roxanne casts a spell.
The bolt of magma hits you!
Unknown command.
You hit Roxanne but do no damage.
Roxanne is almost destroyed.
Roxanne mumbles some strange words.
The bolt of magma hits you!!
* * * LOW HITPOINT WARNING * * *
Unknown command.
You hit Roxanne but do no damage.
You touch Roxanne!
Roxanne is almost destroyed.
Roxanne casts a spell.
The iron shot misses you.
Unknown command.
You hit Roxanne but do no damage.
Roxanne is almost destroyed.
Roxanne mumbles some strange words.
The bolt of magma hits you!!!
* * * LOW HITPOINT WARNING * * *
Unknown command.
You hit Roxanne but do no damage.
You touch Roxanne!
Roxanne is almost destroyed.
Unknown command.
You hit Roxanne but do no damage.
Roxanne is almost destroyed.
Roxanne mumbles some strange words.
The iron shot hits you!!!
You die...
Kikubaaqudgha rasps: "You have failed me!
Welcome... death!"

.......
♣.~~~.§.....~§~.~~.
.♣.~~~.
♣.~~....~~..~~....♣
....
♣♣♣~♣..~~~♣~~~♣~[.~
♣♣♣♣.~~.♣♣♣♣♣♣~♣.
♣~♣♣♣.:.~ ♣♣....
♣♣.♣♣♣..~~ ♣.~~..
♣♣.~.♣ .~~ ♣~~~~.
♣....♣~.~~ ♣.~~..
♣♣♣♣>@8.......
♣♣♣♣..
♣♣.♣......~~.♣~
♣..~
♣♣...~~♣♣~~~~...
♣.~~ ♣♣♣♣♣♣.§.~.}♣
.~~~... ♣♣♣.~~
..~..~.~.~♣♣
.~~~♣.. ♣♣...~~
....~~..♣♣ ♣♣♣♣♣ ♣
♣~§.... ♣♣~~~~§~♣
♣.♣♣..~ ♣.~~~~~♣♣
♣♣♣<
..§♣..~~~..♣♣♣♣♣♣
♣♣♣♣♣~.


You could see Roxanne.

Vanquished Creatures
  An orc warlord (Orc:2)
  The ghost of Usinnox the Carver, a journeyman MiIE of Okawaru (Orc:1)
  The ghost of Xeinaf the Brawler, a journeyman TrAr of Nemelex Xobeh (Lair:3)
  2 fire dragons
  3 hydras
  Erolcha (D:12)
  2 catoblepae
  4 two-headed ogres
  2 death knights
  A boulder beetle (D:13)
  An alligator (Swamp:1)
  4 tengu warriors
  Urug (D:12)
  3 orc high priests (Orc:2)
  6 skeletal warriors (D:15)
  A goliath frog (Swamp:1)
  Lodul (D:13)
  2 orc knights
  2 deep elf pyromancers
  A phantasmal warrior (D:13)
  A cyclops (D:15)
  4 orc sorcerers
  A will-o-the-wisp (Swamp:2)
  3 manticores
  6 ugly things
  10 elephants
  7 black mambas
  2 gargoyles (D:12)
  15 cane toads
  Maggie (D:6)
  2 unseen horrors
  2 freezing wraiths
  2 rime drakes
  6 komodo dragons
  2 kobold demonologists (D:11)
  A tengu conjurer (D:14)
  A meliai (shapeshifter) (D:13)
  6 tyrant leeches
  The ghost of lotum the Chopper, an amateur DsFi of Wu Jian (D:5)
  4 trolls
  A polar bear (Lair:5)
  6 blink frogs
  3 meliai
  8 hornets
  5 slime creatures
  2 spriggans
  5 wyverns
  6 wraiths
  2 shadows
  40 yaks
  2 vampires
  A basilisk (Lair:2)
  A redback (Lair:5)
  9 vampire mosquitoes
  2 steam dragons
  3 swamp worms (Swamp:1)
  4 wargs
  2 nagas (Lair:3)
  5 acid dragons
  17 water moccasins
  17 orc warriors
  A sky beast (D:7)
  5 black bears
  2 ice beasts
  8 ogres
  3 boggarts (D:14)
  6 centaurs
  Blork the orc (D:6)
  16 bullfrogs
  A gnoll sergeant (D:9)
  4 scorpions
  11 wights
  4 killer bees (D:10)
  A howler monkey (D:12)
  An electric eel (Lair:2)
  4 jellies
  14 orc priests
  A gnoll bouda (Lair:5)
  2 hounds
  6 iguanas
  20 orc wizards
  4 adders
  4 gnolls (D:9)
  A shadow imp (D:7)
  2 ufetubi
  4 worms
  4 dart slugs
  87 orcs
  6 ball pythons
  13 endoplasms
  7 giant cockroaches
  7 goblins
  4 hobgoblins
  8 jackals
  4 quokkas
  5 bats
  2 frilled lizards
  12 kobolds
  11 rats
554 creatures vanquished.

Vanquished Creatures (collateral kills)
  Frances (D:13)
  A stone giant (D:15)
  An eleionoma (Swamp:2)
  An ogre mage (D:14)
  A centaur warrior (D:13)
  An alligator (Swamp:1)
  2 two-headed ogres
  4 death yaks (Lair:5)
  A shadow wraith (D:14)
  An orc knight (Orc:1)
  4 ugly things
  A wolf spider (Lair:5)
  2 manticores (D:13)
  5 elephants
  4 cane toads
  A black mamba (Lair:5)
  5 torpor snails (Lair:5)
  3 komodo dragons
  A troll (D:10)
  5 hornets (Lair:5)
  A raiju (shapeshifter) (D:14)
  4 blink frogs
  5 slime creatures
  A wraith (D:13)
  A wyvern (Lair:5)
  18 yaks
  3 redbacks (Lair:5)
  A naga (Lair:3)
  A warg (Orc:2)
  An acid dragon (D:13)
  9 water moccasins
  A black bear (Lair:3)
  6 orc warriors
  7 ogres
  A centaur (D:13)
  A boggart (D:14)
  4 kobold brigands (D:11)
  A bullfrog (Lair:1)
  A scorpion (D:7)
  A killer bee (D:10)
  2 howler monkeys (D:10)
  A jelly (D:9)
  2 orc priests (Orc:1)
  2 orc wizards
  11 orcs
  A jackal (D:3)
  A kobold (D:11)
133 creatures vanquished.

Vanquished Creatures (others)
  Nessos (D:14)
  2 centaur warriors (D:14)
  A boulder beetle (Lair:5)
  A deep troll (D:14)
  A bog body (Swamp:1)
  A lindwurm (Lair:5)
  2 manticores
  A guardian serpent (Lair:5)
  A black mamba (Lair:3)
  A komodo dragon (Lair:5)
  A catoblepas zombie (Lair:5)
  A tyrant leech (Lair:5)
  A hornet (Lair:5)
  A black mamba zombie (Lair:3)
  2 yaks (Lair:5)
  A wyvern (Lair:5)
  A tyrant leech zombie (Swamp:1)
  A water moccasin (Lair:5)
  2 two-headed ogre zombies
  2 cane toad zombies (Lair:5)
  10 orc warriors
  A manticore zombie (D:13)
  2 hornet zombies (Lair:5)
  An elf zombie (D:12)
  An ogre (Orc:2)
  A wolf (Lair:3)
  3 centaurs
  3 vampire mosquito zombies
  2 wyvern zombies (Lair:5)
  5 water moccasin zombies
  A warg zombie (Orc:2)
  10 yak zombies
  A polar bear zombie (Lair:5)
  A wolf zombie (Lair:3)
  6 ogre zombies
  2 orc priests (Orc:1)
  2 orc wizards (Orc:2)
  3 acid dragon zombies
  A hound zombie (D:6)
  4 jelly zombies (D:9)
  5 orcs
  52 orc zombies
  12 foxfires (Swamp:2)
  84 fungi
  118 plants
356 creatures vanquished.

Grand Total: 1043 creatures vanquished

Notes
Turn   | Place    | Note
-------+----------+-------------------------------------------
     0 | D:1      | PyroL the Demonspawn Necromancer began the quest for the
                  | Orb.
     0 | D:1      | Reached XP level 1. HP: 13/13 MP: 3/3
   351 | D:1      | Gained mutation: You regenerate magic rapidly. [demonic
                  | ancestry]
   351 | D:1      | Reached XP level 2. HP: 12/19 MP: 1/5
   498 | D:1      | Found Gycephes's Distillery.
   748 | D:1      | Gained mutation: You are partially covered in rugged brown
                  | scales. (AC +1, +3% HP) [demonic ancestry]
   748 | D:1      | Reached XP level 3. HP: 19/24 MP: 7/7
   775 | D:1      | Reached skill level 5 in Necromancy
   946 | D:2      | Learned a level 3 spell: Vampiric Draining
  1557 | D:2      | Learned a level 1 spell: Kiss of Death
  1788 | D:3      | Gained mutation: You are mostly covered in rugged brown
                  | scales. (AC +2, +5% HP) [demonic ancestry]
  1788 | D:3      | Reached XP level 4. HP: 23/31 MP: 4/8
  1793 | D:3      | Learned a level 4 spell: Animate Dead
  2656 | D:4      | Noticed a scorpion
  2662 | D:4      | Killed a scorpion
  2663 | D:4      | Reached skill level 6 in Necromancy
  2663 | D:4      | Reached XP level 5. HP: 30/35 MP: 3/10
  3170 | D:4      | Noticed an ogre
  3178 | D:4      | Killed an ogre
  3179 | D:4      | Reached XP level 6. HP: 24/43 MP: 8/12
  3654 | D:5      | Entered Level 5 of the Dungeon
  3701 | D:5      | Reached skill level 7 in Necromancy
  3809 | D:5      | Reached skill level 5 in Spellcasting
  3857 | D:5      | Gained mutation: Your touch may inflict minor irresistible
                  | damage on your foes. [demonic ancestry]
  3857 | D:5      | Reached XP level 7. HP: 42/48 MP: 9/14
  4044 | D:5      | Found a runed translucent door.
  4045 | D:5      | Noticed lotum's ghost (amateur DsFi)
  4346 | D:5      | Reached skill level 8 in Necromancy
  4410 | D:5      | Found an iron altar of Okawaru.
  4414 | D:5      | Identified the +1 robe of the Rose {+Blink Str+3 Dex-5}
  4511 | D:5      | Learned a level 4 spell: Dispel Undead
  4656 | D:5      | Found a staircase to the Ecumenical Temple.
  4704 | Temple   | Entered the Ecumenical Temple
  5099 | D:5      | Reached XP level 8. HP: 54/54 MP: 14/17
  5315 | D:5      | Killed lotum's ghost
  5432 | D:6      | Reached skill level 9 in Necromancy
  5600 | D:6      | Noticed Maggie
  5615 | D:6      | Killed Maggie
  5998 | D:6      | Noticed Blork the orc
  6004 | D:6      | Killed Blork the orc
  6005 | D:6      | Reached skill level 10 in Necromancy
  6130 | D:6      | Reached skill level 1 in Fighting
  6130 | D:6      | Reached XP level 9. HP: 57/60 MP: 15/20
  7088 | D:8      | Found Cavatuju's Weapon Boutique.
  7652 | D:8      | Reached skill level 11 in Necromancy
  7764 | D:8      | Found a burning altar of Makhleb.
  7765 | D:8      | Found a radiant altar of Vehumet.
  7766 | D:8      | Found a hide-covered altar of Uskayaw.
  7766 | D:8      | Found an ancient bone altar of Kikubaaqudgha.
  7771 | D:8      | Found a basalt altar of Yredelemnul.
  7857 | D:8      | Became a worshipper of Kikubaaqudgha
  8071 | D:8      | Gained mutation: You are partially covered in sharp spines.
                  | [demonic ancestry]
  8071 | D:8      | Reached XP level 10. HP: 35/76 MP: 15/21
  8084 | D:8      | Reached skill level 5 in Fighting
  8084 | D:8      | Reached skill level 5 in Dodging
  8734 | D:9      | Found a shadowy altar of Dithmenos.
  8964 | D:9      | Found a transporter.
  9036 | D:9      | Found a blossoming altar of Fedhas.
  9079 | D:9      | Found a transporter.
  9404 | D:9      | Reached skill level 12 in Necromancy
  9463 | D:9      | Identified the +2 hat "Lyva" {rElec Str+4 Int-2}
  9650 | D:10     | Entered Level 10 of the Dungeon
  9730 | D:10     | Reached * piety under Kikubaaqudgha
  9730 | D:10     | Received a gift from Kikubaaqudgha
 10124 | D:10     | Reached skill level 13 in Necromancy
 10277 | D:10     | Gained mutation: Your touch may inflict irresistible damage
                  | on your foes. [demonic ancestry]
 10277 | D:10     | Reached XP level 11. HP: 82/82 MP: 15/22
 10464 | D:10     | Noticed a two-headed ogre
 10468 | D:10     | Killed a two-headed ogre
 10468 | D:10     | Reached ** piety under Kikubaaqudgha
 10573 | D:10     | Found a staircase to the Lair.
 11283 | D:11     | Reached skill level 14 in Necromancy
 11782 | D:11     | Noticed an orange crystal statue
 12401 | Lair:1   | Entered Level 1 of the Lair of Beasts
 13088 | Lair:1   | Reached skill level 10 in Dodging
 13088 | Lair:1   | Reached skill level 15 in Necromancy
 13391 | Lair:1   | Reached XP level 12. HP: 90/90 MP: 18/23
 14165 | Lair:2   | Reached skill level 16 in Necromancy
 14361 | Lair:2   | Reached *** piety under Kikubaaqudgha
 14361 | Lair:2   | Received a gift from Kikubaaqudgha
 14370 | Lair:2   | Learned a level 6 spell: Death Channel
 14375 | Lair:2   | Learned a level 4 spell: Anguish
 14627 | Lair:2   | Reached skill level 1 in Hexes
 14627 | Lair:2   | Reached skill level 1 in Earth Magic
 16049 | Lair:3   | Found a staircase to the Snake Pit.
 16207 | Lair:3   | Noticed a four-headed hydra
 16374 | Lair:3   | Found a runed translucent gate.
 16374 | Lair:3   | Found a runed translucent gate.
 16375 | Lair:3   | Found a runed translucent gate.
 16376 | Lair:3   | Noticed Xeinaf's ghost (journeyman TrAr)
 16681 | Lair:3   | Found a bloodstained altar of Trog.
 16688 | Lair:3   | Learned a level 5 spell: Borgnjor's Vile Clutch
 16881 | Lair:3   | Found a staircase to the Swamp.
 17160 | Lair:3   | Killed a four-headed hydra
 17163 | Lair:3   | Reached skill level 5 in Earth Magic
 17164 | Lair:3   | Killed Xeinaf's ghost
 17165 | Lair:3   | Gained mutation: When hurt, damage is shared between your
                  | health and your magic reserves. [demonic ancestry]
 17165 | Lair:3   | Reached XP level 13. HP: 74/92 MP: 5/26
 17795 | Lair:4   | Reached skill level 10 in Spellcasting
 17879 | Lair:4   | Reached **** piety under Kikubaaqudgha
 18041 | Lair:4   | Reached skill level 17 in Necromancy
 18127 | Lair:4   | Identified the +3 scale mail of the Pink Corner {rN+ Dex+8}
 18376 | Lair:5   | Entered Level 5 of the Lair of Beasts
 18976 | Lair:5   | Reached skill level 18 in Necromancy
 18976 | Lair:5   | Reached ***** piety under Kikubaaqudgha
 19239 | Lair:5   | Reached skill level 19 in Necromancy
 19545 | Lair:5   | Gained mutation: Your touch may irresistibly damage your
                  | foes and sap their willpower. [demonic ancestry]
 19545 | Lair:5   | Reached XP level 14. HP: 74/94 MP: 14/28
 19657 | Lair:5   | Found a staircase to the Slime Pits.
 19803 | Lair:5   | Found a runed translucent door.
 20308 | Lair:5   | Reached skill level 20 in Necromancy
 22090 | D:12     | Noticed Erolcha
 22104 | D:12     | Killed Erolcha
 22238 | D:12     | Found a staircase to the Orcish Mines.
 22315 | Orc:1    | Entered Level 1 of the Orcish Mines
 22315 | Orc:1    | Noticed Urug
 22502 | D:12     | HP: 1/93 [Urug/javelin (11)]
 22505 | D:12     | Killed Urug
 22932 | Orc:1    | Reached skill level 21 in Necromancy
 23315 | Orc:1    | Found a runed translucent gate.
 23315 | Orc:1    | Found a runed translucent gate.
 23315 | Orc:1    | Found a runed translucent gate.
 23315 | Orc:1    | Noticed Usinnox's ghost (journeyman MiIE)
 23322 | Orc:1    | Killed Usinnox's ghost
 23619 | Orc:2    | Entered Level 2 of the Orcish Mines
 23733 | Orc:2    | Reached ****** piety under Kikubaaqudgha
 24027 | Orc:2    | Noticed an orc warlord
 24056 | Orc:2    | HP: 3/90 [orc warlord/+0 war axe (18)]
 24314 | Orc:2    | Found a staircase to the Elven Halls.
 24368 | Orc:2    | Killed an orc warlord
 24782 | Orc:2    | Found Ijileubb's Assorted Antiques.
 24787 | Orc:2    | Bought a scroll of blinking for 255 gold pieces
 24873 | Orc:2    | Found Ymatemu's Antique Armour Shoppe.
 24897 | Orc:2    | Found Ibruxewe's Antique Weapon Emporium.
 25324 | Orc:2    | Found Xierhy's Weapon Shop.
 26079 | D:12     | Reached skill level 1 in Armour
 26572 | D:13     | Noticed Lodul
 26579 | D:13     | Killed Lodul
 26581 | D:13     | Your ally Lodul died
 26626 | D:13     | Reached XP level 15. HP: 83/112 MP: 1/30
 26637 | D:13     | Noticed Frances
 26642 | D:13     | Killed Frances
 28101 | D:14     | Found a gate to the Vaults.
 28337 | D:14     | Noticed Nessos
 28345 | D:14     | Killed Nessos
 29127 | D:15     | Entered Level 15 of the Dungeon
 31391 | D:15     | Found a staircase to the Depths.
 31960 | Swamp:1  | Entered Level 1 of the Swamp
 32029 | Swamp:1  | Reached skill level 10 in Fighting
 32029 | Swamp:1  | You fall into a shaft and drop 1 floor!
 32127 | Swamp:2  | HP: 4/120 [will-o-the-wisp/foxfire (15)]
 33357 | Swamp:1  | Identified Roxanne's Secrets of the Rocks
 33357 | Swamp:1  | Noticed Roxanne
 33397 | Swamp:1  | Killed from afar by Roxanne

Illustrated notes

Levels and vault maps discovered:
D:1:      dpeg_arrival_chambers_temple_mockup, layout_basic, serial_shops,
          nicolae_lakefront_shop
D:2:      layout_basic, chequers_serial_rivers_small_3, minmay_worlds_worst_comb
D:3:      layout_basic
D:4:      layout_loops_ring, elyvilon_altar_5, nicolae_tso_swordbearing_angel
D:5:      layout_basic, okawaru_gym_becter, minmay_temple_entry_poolview,
          ebering_ghost_reflecting_pool
D:6:      layout_basic, uniq_blork_the_orc, uniq_maggie
D:7:      layout_cave_pools
D:8:      layout_loops_ring, minitemple, serial_shops, nicolae_stop_n_shop_2
D:9:      gammafunk_cloud_chamber, layout_basic,
          nicolae_dithmenos_shadow_blocks, mainiacjoe_overflow_paths,
          corexii_leaking_fountain
D:10:     hellmonk_ruined_rings, layout_basic, due_lair_maze_entry_diamond,
          kennysheep_generic_room_16
D:11:     minmay_statue_hallways, layout_layer_cave, nrook_mini_vaults
D:12:     layout_cave_pools, orc_0_dummy, nicolae_water_bricks,
          nicolae_figureground_pulse, uniq_erolcha
D:13:     layout_cave_pools, uniq_lodul, uniq_frances
D:14:     layout_grid_maze, david_vaults_4, chequers_mini_garden, uniq_nessos
D:15:     grunt_enter_depths_snipers, layout_irregular_city,
          nicolae_two_hexagons
Temple:   minmay_temple_forest_path
Lair:1:   layout_concentric_octagons
Lair:2:   layout_cave_pods, infiniplex_staircase_pool
Lair:3:   layout_regular_city, swamp_mist, minmay_snake_entry_guardpost_small,
          basic_altar, gammafunk_ghost_split
Lair:4:   layout_regular_city
Lair:5:   wormcave, layout_regular_city, hangedman_lair_tendril_chambers,
          minmay_slime_entry_pillars, dreamdust_gnoll_shepherd
Swamp:1:  layout_basic_swamp, nicolae_swamp_bean_lake, uniq_roxanne
Swamp:2:  layout_basic_swamp, evilmike_swamp_ruin_rubble_2, swamp_pool1
Orc:1:    layout_caves, ebering_ghost_rock_garden, uniq_urug
Orc:2:    grunt_orc_community_town_hall, layout_caves,
          grunt_orc_community_big_house_2, grunt_orc_community_big_house_1,
          grunt_orc_community_house_3, grunt_orc_community_house_2,
          grunt_orc_community_house_2, grunt_orc_community_house_1

Skill      XL: |  1  2  3  4  5  6  7  8  9 10 11 12 13 14 15 |
---------------+----------------------------------------------+-----
Necromancy     | 5 6 7 8 10 11 13 15 16 19 21 | 21.6
Spellcasting   | 3 4 5 6 7 9 10 11 12 | 12.0
Dodging        | 2 4 7 10 | 10.0
Fighting       | 1 4 5 6 10 | 10.7
Hexes          | 3 |  3.1
Earth Magic    | 5 |  5.0
Armour         | 1 4 |  4.8
Stealth        | |  1.7

Action                   |  1- 3 |  4- 6 |  7- 9 | 10-12 | 13-15 || total
-------------------------+-------+-------+-------+-------+-------++-------
Melee: Dagger            |    80 |   122 |   149 |   306 |   704 ||  1361
       Short sword       |     1 |       |       |       |       ||     1
       Punch             |     1 |     2 |     1 |     2 |    16 ||    22
       Touch             |       |       |    30 |    83 |   187 ||   300
 Cast: Necrotise         |    27 |    40 |    70 |   126 |   165 ||   428
       Kiss of Death     |       |     3 |     2 |     6 |     6 ||    17
       Vampiric Draining |       |     5 |    22 |   100 |   105 ||   232
       Dispel Undead     |       |       |    10 |    11 |    31 ||    52
       Animate Dead      |       |       |     2 |    11 |    21 ||    34
       Death Channel     |       |       |       |     1 |    31 ||    32
       Anguish           |       |       |       |       |    57 ||    57
       Borgnjor's Vile C |       |       |       |       |    31 ||    31
Invok: Unearth Wretches  |       |       |       |     1 |       ||     1
 Abil: Evoke Blink       |       |       |     5 |       |       ||     5
  Use: Scroll            |       |       |     3 |     7 |    11 ||    21
       Potion            |       |       |       |       |     6 ||     6
 Stab: Sleeping          |    10 |     3 |     2 |       |       ||    15
       Distracted        |       |       |       |     2 |     7 ||     9
Armor: Robe              |    12 |    35 |    65 |     9 |       ||   121
       Acid dragon scale |       |       |       |   173 |    35 ||   208
       Scale mail        |       |       |       |       |   392 ||   392
Dodge: Dodged            |    35 |    82 |   109 |   317 |   634 ||  1177

Table legend: (Time is in decaauts)
 A = Elapsed time spent in this place.
 B = Non-inter-level travel time spent in this place.
 C = Inter-level travel time spent in this place.
 D = Time resting spent in this place.
 E = Time spent auto-exploring this place.
 F = Levels seen in this place.
 G = Mean time per level.
                   A        B        C        D        E       F      G
               +--------+--------+--------+--------+--------+-----+--------+
         Total |  33470 |  32099 |   1371 |   7130 |  19901 |  25 | 1338.8 |
       Dungeon |  19900 |  18926 |    974 |   4098 |  11962 |  15 | 1326.7 |
        Temple |    374 |    339 |     35 |      6 |    316 |   1 |  374.0 |
          Lair |   8961 |   8650 |    311 |   1306 |   5975 |   5 | 1792.2 |
         Swamp |   1461 |   1461 |      0 |    935 |    293 |   2 |  730.5 |
  Orcish Mines |   2772 |   2722 |     50 |    785 |   1355 |   2 | 1386.0 |
               +--------+--------+--------+--------+--------+-----+--------+

Top non-repeatable levels by time:
  Lair:5: 2846 daAuts
    D:15: 2346 daAuts
    D:14: 2317 daAuts
    D:12: 2137 daAuts
  Lair:2: 1998 daAuts
   Orc:2: 1721 daAuts
  Lair:1: 1628 daAuts
    D:11: 1555 daAuts
    D:10: 1442 daAuts
     D:5: 1359 daAuts
     D:8: 1336 daAuts
  Lair:3: 1324 daAuts
     D:4: 1264 daAuts
     D:9: 1225 daAuts
  Lair:4: 1163 daAuts
